Wild vs Predators

Created - March 5 2008 at 19:18

Goals
1 2 3 T
Wild 1 2 2 5
Predators 1 1 1 3
Shots
1 2 3 T
Wild 3 12 6 21
Predators 11 6 10 27

Period #1

1. Wild , Kim Johnsson 3 (Brian Rolston, Curtis Brown) at 7:18
2. Predators , Shea Weber 14 (Justin Williams, David Legwand) at 13:58 (PP)

Penalties :
Patrick Rissmiller (MIN) for Hooking (Minor) at 2:24, Kim Johnsson (MIN) for Hooking (Minor) at 12:51, Kyle Mclaren (MIN) for Hooking (Minor) at 14:40, Scott Hartnell (NSH) for Slashing (Minor) at 14:49, Olli Jokinen (MIN) for Hooking (Minor) at 17:18

Period #2

3. Wild , Marian Gaborik 30 (Kyle Mclaren, Bryce Salvador) at 3:53
4. Predators , Scott Hartnell 26 (Shea Weber, Ryan Suter) at 13:35
5. Wild , Brian Rolston 25 (Duncan Keith, Bates Battaglia) at 15:13

Penalties :
Kyle Mclaren (MIN) for Hooking (Minor) at 5:47, Brian Rolston (MIN) for Holding (Minor) at 8:52, Bryce Salvador (MIN) for Interference (Minor) at 16:55, Philippe Boucher (MIN) for Hooking (Minor) at 17:15

Period #3

6. Wild , Mats Sundin 28 (Ray Whitney, Brian Rolston) at 1:15 (PP)
7. Wild , Mats Sundin 29 (Ray Whitney) at 7:03 (PP)
8. Predators , Steve Sullivan 27 (Scott Hartnell, Ryan Suter) at 14:40

Penalties :
Marek Zidlicky (NSH) for Hooking (Minor) at 0:29, Scott Hartnell (NSH) for Hooking (Minor) at 6:48, Robert Lang (NSH) for Slashing (Minor) at 7:34, Bryce Salvador (MIN) for Holding Stick (Minor) at 7:34, Michal Rozsival (MIN) for Hooking (Minor) at 17:49

Goalie Stats

Manny Fernandez (MIN), 24 saves from 27 shots - (0.889), W, 14-16-3, 60:00 minutes
Chris Mason (NSH), 3 saves from 4 shots - (0.750), 18:45 minutes
Tomas Vokoun (NSH), 13 saves from 17 shots - (0.765), L, 34-23-4, 41:15 minutes

Players Stats

Wild
Player Name              G  A  P  +/- PIM S  H  SB FO MP 
-----------------------------------------------------------
Bates Battaglia          0  1  1   2  0   1  2  0  2  15 
Brian Rolston            1  2  3   2  2   4  0  0  1  22 
Bryce Salvador           0  1  1   1  4   2  0  2  0  17 
Curtis Brown             0  1  1   2  0   0  1  0  15 13 
Duncan Keith             0  1  1   2  0   0  0  0  0  10 
Kim Johnsson             1  0  1   2  2   1  0  0  0  7  
Kyle Mclaren             0  1  1   1  4   0  4  0  0  18 
Marian Gaborik           1  0  1   1  0   5  0  0  0  19 
Mats Sundin              2  0  2   0  0   4  0  0  16 13 
Michal Rozsival          0  0  0   0  2   0  1  1  0  18 
Mikael Samuelsson        0  0  0  -2  0   0  0  0  1  13 
Niclas Havelid           0  0  0  -2  0   1  0  0  0  19 
Olli Jokinen             0  0  0  -2  2   1  1  0  20 17 
Patrick Rissmiller       0  0  0  -2  2   0  1  0  2  19 
Philippe Boucher         0  0  0   0  2   0  3  1  0  17 
Ray Whitney              0  2  2   1  0   0  0  0  0  18 
Rod Brind'Amour          0  0  0   1  0   2  0  1  28 24 
Sean Hill                0  0  0  -2  0   0  1  1  0  21 
Predators
Player Name              G  A  P  +/- PIM S  H  SB FO MP 
-----------------------------------------------------------
Alexandre Burrows        0  0  0   0  0   0  0  0  0  7  
David Legwand            0  1  1  -1  0   3  1  0  29 21 
Derek Morris             0  0  0   0  0   0  1  1  0  24 
Jeff Carter              0  0  0  -2  0   2  2  0  15 20 
Jordin Tootoo            0  0  0   0  0   1  0  0  0  2  
Justin Williams          0  1  1   0  0   3  5  0  2  19 
Marek Zidlicky           0  0  0  -3  2   0  0  1  0  18 
Martin Erat              0  0  0  -3  0   1  3  0  2  16 
Paul Kariya              0  0  0   0  0   4  1  0  1  19 
Robert Lang              0  0  0   2  2   3  0  0  23 20 
Ryan Suter               0  2  2   2  0   0  0  0  0  21 
Scott Hartnell           1  1  2   2  4   4  1  0  3  20 
Shea Weber               1  1  2   2  0   1  1  0  0  24 
Steve Sullivan           1  0  1   2  0   1  0  0  1  20 
Todd Bertuzzi            0  0  0  -3  0   3  0  0  0  16 
Tomas Kaberle            0  0  0   0  0   0  0  0  0  22 
Yanic Perreault          0  0  0   0  0   1  0  0  9  7  
Zbynek Michalek          0  0  0  -3  0   0  0  2  0  17 

3 Stars

1 - Brian Rolston (MIN)
2 - Scott Hartnell (NSH)
3 - Shea Weber (NSH)

Power Play

Wild - 2 on 3 Attempt(s) - 66.67%
Predators - 1 on 9 Attempt(s) - 11.11%

Penalty Kill

Wild - 8 on 9 Attempt(s) - 88.89% - Score 0 goal in Penalty Kill
Predators - 1 on 3 Attempt(s) - 33.33% - Score 0 goal in Penalty Kill

Game Notes

Chris Mason enters game at 1:15 of 3rd period

Finance

Level 1 -- Attendance: 4940 (82.33%) -- Ticket Income $395,200.00
Level 2 -- Attendance: 4000 (100.00%) -- Ticket Income $208,000.00
Level 3 -- Attendance: 1704 (80.64%) -- Ticket Income $51,120.00
Level 4 -- Attendance: 3714 (92.85%) -- Ticket Income $74,280.00
Luxury Box -- Attendance: 898 (89.80%) -- Ticket Income $121,230.00
Game was played at the Gaylord Entertainment Center
Total Attendance: 15256 (89.15%)
Total Ticket Income: $928,722.50
Other Income: $167,680.80
Total Income: $1,096,403.00


Play by Play

Period #1

0:01 of 1st period - David Legwand wins face-off versus Rod Brind'Amour in neutral zone.
0:44 of 1st period - Shot by David Legwand.
0:44 of 1st period - Stopped by Manny Fernandez without a rebound.
0:45 of 1st period - Mats Sundin wins face-off versus Robert Lang in Wild zone.
0:47 of 1st period - Icing by Philippe Boucher.
0:48 of 1st period - Mats Sundin wins face-off versus Robert Lang in Wild zone.
1:50 of 1st period - Icing by Martin Erat.
1:51 of 1st period - Olli Jokinen wins face-off versus Jeff Carter in Predators zone.
2:24 of 1st period - Minor Penalty to Patrick Rissmiller for Hooking.
2:25 of 1st period - Curtis Brown wins face-off versus David Legwand in Predators zone.
2:25 of 1st period - Curtis Brown is hit by Shea Weber.
4:24 of 1st period - Shot by David Legwand.
4:24 of 1st period - Shot Misses the Net.
4:45 of 1st period - Off-side.
4:46 of 1st period - Curtis Brown wins face-off versus Yanic Perreault in neutral zone.
4:49 of 1st period - Alexandre Burrows is hit by Bates Battaglia and loses puck.
6:48 of 1st period - Shot by Marian Gaborik.
6:48 of 1st period - Stopped by Tomas Vokoun without a rebound.
6:49 of 1st period - David Legwand wins face-off versus Curtis Brown in Predators zone.
7:13 of 1st period - Shot by Curtis Brown.
7:13 of 1st period - Shot Misses the Net.
7:18 of 1st period - Shot by Kim Johnsson.
7:18 of 1st period - Goal by Kim Johnsson - Wild : 1 - Predators : 0.
7:19 of 1st period - Rod Brind'Amour wins face-off versus Robert Lang in neutral zone.
8:31 of 1st period - Shot by Jeff Carter.
8:31 of 1st period - Stopped by Manny Fernandez without a rebound.
8:32 of 1st period - Olli Jokinen wins face-off versus Jeff Carter in Wild zone.
8:32 of 1st period - Olli Jokinen is hit by Martin Erat.
8:58 of 1st period - Shot by Todd Bertuzzi.
8:58 of 1st period - Stopped by Manny Fernandez without a rebound.
8:59 of 1st period - David Legwand wins face-off versus Curtis Brown in Wild zone.
10:51 of 1st period - Shot by Steve Sullivan.
10:51 of 1st period - Shot Misses the Net.
10:53 of 1st period - Shot by Scott Hartnell.
10:53 of 1st period - Deflect By Robert Lang.
10:53 of 1st period - Shot Misses the Net.
10:55 of 1st period - Shot by Ryan Suter.
10:55 of 1st period - Shot Misses the Net.
10:59 of 1st period - Shot by Robert Lang.
10:59 of 1st period - Stopped by Manny Fernandez without a rebound.
11:00 of 1st period - Yanic Perreault wins face-off versus Mats Sundin in Wild zone.
11:55 of 1st period - Shot by Rod Brind'Amour.
11:55 of 1st period - Shot Misses the Net.
12:24 of 1st period - Off-side.
12:25 of 1st period - David Legwand wins face-off versus Olli Jokinen in neutral zone.
12:46 of 1st period - Shot by Todd Bertuzzi.
12:46 of 1st period - Stopped by Manny Fernandez without a rebound.
12:47 of 1st period - David Legwand wins face-off versus Curtis Brown in Wild zone.
12:51 of 1st period - Minor Penalty to Kim Johnsson for Hooking.
12:52 of 1st period - Rod Brind'Amour wins face-off versus David Legwand in Wild zone.
12:52 of 1st period - Rod Brind'Amour is hit by Justin Williams.
13:02 of 1st period - Shot by Justin Williams.
13:02 of 1st period - Stopped by Manny Fernandez without a rebound.
13:03 of 1st period - Robert Lang wins face-off versus Rod Brind'Amour in Wild zone.
13:26 of 1st period - Shot by Scott Hartnell.
13:26 of 1st period - Stopped by Manny Fernandez with a rebound.
13:30 of 1st period - Shot by Robert Lang.
13:30 of 1st period - Stopped by Manny Fernandez without a rebound.
13:31 of 1st period - David Legwand wins face-off versus Curtis Brown in Wild zone.
13:56 of 1st period - Shot by David Legwand.
13:56 of 1st period - Deflect By Justin Williams.
13:56 of 1st period - Shot Misses the Net.
13:58 of 1st period - Shot by Shea Weber.
13:58 of 1st period - Goal by Shea Weber - Wild : 1 - Predators : 1.
13:59 of 1st period - Rod Brind'Amour wins face-off versus Jeff Carter in neutral zone.
14:04 of 1st period - Shot by Ray Whitney.
14:04 of 1st period - Shot Misses the Net.
14:37 of 1st period - Martin Erat is hit by Kyle Mclaren.
14:40 of 1st period - Minor Penalty to Kyle Mclaren for Hooking.
14:41 of 1st period - Robert Lang wins face-off versus Curtis Brown in Wild zone.
14:49 of 1st period - Minor Penalty to Scott Hartnell for Slashing.
14:50 of 1st period - Mats Sundin wins face-off versus David Legwand in Wild zone.
16:13 of 1st period - Icing by Marek Zidlicky.
16:14 of 1st period - Jeff Carter wins face-off versus Rod Brind'Amour in Predators zone.
16:20 of 1st period - Shot by Justin Williams.
16:20 of 1st period - Deflect By Jeff Carter.
16:20 of 1st period - Shot Misses the Net.
16:24 of 1st period - Shot by Justin Williams.
16:24 of 1st period - Stopped by Manny Fernandez without a rebound.
16:25 of 1st period - David Legwand wins face-off versus Olli Jokinen in Wild zone.
16:26 of 1st period - Shot by Paul Kariya.
16:26 of 1st period - Stopped by Manny Fernandez without a rebound.
16:27 of 1st period - Olli Jokinen wins face-off versus David Legwand in Wild zone.
16:59 of 1st period - Shot by Rod Brind'Amour.
16:59 of 1st period - Stopped by Tomas Vokoun without a rebound.
17:00 of 1st period - Robert Lang wins face-off versus Olli Jokinen in Predators zone.
17:14 of 1st period - Ryan Suter is hit by Olli Jokinen and loses puck.
17:18 of 1st period - Minor Penalty to Olli Jokinen for Hooking.
17:19 of 1st period - Curtis Brown wins face-off versus David Legwand in Predators zone.
17:26 of 1st period - Shot by Brian Rolston.
17:26 of 1st period - Shot Misses the Net.
19:04 of 1st period - Icing by Robert Lang.
19:05 of 1st period - Curtis Brown wins face-off versus Robert Lang in Predators zone.
19:21 of 1st period - Icing by Bryce Salvador.
19:22 of 1st period - Rod Brind'Amour wins face-off versus Jeff Carter in Wild zone.
19:22 of 1st period - Ray Whitney is hit by Martin Erat and loses puck.

Period #2

0:01 of 2nd period - Rod Brind'Amour wins face-off versus Paul Kariya in neutral zone.
0:06 of 2nd period - Icing by Tomas Kaberle.
0:07 of 2nd period - Mats Sundin wins face-off versus David Legwand in Predators zone.
0:16 of 2nd period - Shot by Brian Rolston.
0:16 of 2nd period - Stopped by Tomas Vokoun without a rebound.
0:17 of 2nd period - Robert Lang wins face-off versus Rod Brind'Amour in Predators zone.
0:24 of 2nd period - Shot by Marian Gaborik.
0:24 of 2nd period - Stopped by Tomas Vokoun without a rebound.
0:25 of 2nd period - Mats Sundin wins face-off versus David Legwand in Predators zone.
1:21 of 2nd period - Off-side.
1:22 of 2nd period - Rod Brind'Amour wins face-off versus Martin Erat in neutral zone.
1:53 of 2nd period - Off-side.
1:54 of 2nd period - Patrick Rissmiller wins face-off versus Robert Lang in neutral zone.
1:57 of 2nd period - Shot by Niclas Havelid.
1:57 of 2nd period - Shot Misses the Net.
1:59 of 2nd period - Shot by Sean Hill.
1:59 of 2nd period - Shot Misses the Net.
2:08 of 2nd period - Off-side.
2:09 of 2nd period - Yanic Perreault wins face-off versus Curtis Brown in neutral zone.
3:17 of 2nd period - Shot by Scott Hartnell.
3:17 of 2nd period - Stopped by Manny Fernandez without a rebound.
3:18 of 2nd period - Jeff Carter wins face-off versus Rod Brind'Amour in Wild zone.
3:41 of 2nd period - Shot by Marian Gaborik.
3:41 of 2nd period - Deflect By Rod Brind'Amour.
3:41 of 2nd period - Shot Blocked by Zbynek Michalek.
3:43 of 2nd period - Shot by Bryce Salvador.
3:43 of 2nd period - Shot Hit the Post.
3:45 of 2nd period - Shot by Marian Gaborik.
3:45 of 2nd period - Deflect By Rod Brind'Amour.
3:45 of 2nd period - Stopped by Tomas Vokoun with a rebound.
3:47 of 2nd period - Shot by Bryce Salvador.
3:47 of 2nd period - Stopped by Tomas Vokoun with a rebound.
3:49 of 2nd period - Shot by Kyle Mclaren.
3:49 of 2nd period - Shot Blocked by Marek Zidlicky.
3:53 of 2nd period - Shot by Marian Gaborik.
3:53 of 2nd period - Goal by Marian Gaborik - Wild : 2 - Predators : 1.
3:54 of 2nd period - Scott Hartnell wins face-off versus Olli Jokinen in neutral zone.
4:09 of 2nd period - Shot by Olli Jokinen.
4:09 of 2nd period - Shot Misses the Net.
4:11 of 2nd period - Shot by Niclas Havelid.
4:11 of 2nd period - Stopped by Tomas Vokoun without a rebound.
4:12 of 2nd period - Olli Jokinen wins face-off versus David Legwand in Predators zone.
4:23 of 2nd period - Icing by Mikael Samuelsson.
4:24 of 2nd period - Robert Lang wins face-off versus Olli Jokinen in Wild zone.
4:35 of 2nd period - Shot by Steve Sullivan.
4:35 of 2nd period - Shot Misses the Net.
5:06 of 2nd period - Icing by Shea Weber.
5:07 of 2nd period - Robert Lang wins face-off versus Rod Brind'Amour in Predators zone.
5:47 of 2nd period - Minor Penalty to Kyle Mclaren for Hooking.
5:48 of 2nd period - Curtis Brown wins face-off versus David Legwand in Wild zone.
7:29 of 2nd period - Shot by Paul Kariya.
7:29 of 2nd period - Stopped by Manny Fernandez without a rebound.
7:30 of 2nd period - Olli Jokinen wins face-off versus David Legwand in Wild zone.
8:09 of 2nd period - Martin Erat is hit by Kyle Mclaren and loses puck.
8:28 of 2nd period - Shot by Marian Gaborik.
8:28 of 2nd period - Deflect By Ray Whitney.
8:28 of 2nd period - Shot Misses the Net.
8:52 of 2nd period - Minor Penalty to Brian Rolston for Holding.
8:53 of 2nd period - Robert Lang wins face-off versus Curtis Brown in neutral zone.
9:13 of 2nd period - Icing by Ryan Suter.
9:14 of 2nd period - Robert Lang wins face-off versus Rod Brind'Amour in Predators zone.
9:55 of 2nd period - Niclas Havelid is hit by Justin Williams.
10:23 of 2nd period - Shot by Olli Jokinen.
10:23 of 2nd period - Stopped by Tomas Vokoun without a rebound.
10:24 of 2nd period - Robert Lang wins face-off versus Rod Brind'Amour in Predators zone.
10:35 of 2nd period - Shot by Derek Morris.
10:35 of 2nd period - Shot Misses the Net.
10:37 of 2nd period - Shot by Steve Sullivan.
10:37 of 2nd period - Shot Blocked by Rod Brind'Amour.
10:39 of 2nd period - Shot by Jordin Tootoo.
10:39 of 2nd period - Stopped by Manny Fernandez without a rebound.
10:40 of 2nd period - David Legwand wins face-off versus Curtis Brown in Wild zone.
11:14 of 2nd period - Shot by Brian Rolston.
11:14 of 2nd period - Shot Misses the Net.
11:41 of 2nd period - Martin Erat is hit by Kyle Mclaren and loses puck.
11:56 of 2nd period - Shot by Marian Gaborik.
11:56 of 2nd period - Stopped by Tomas Vokoun with a rebound.
11:58 of 2nd period - Shot by Rod Brind'Amour.
11:58 of 2nd period - Deflect By Ray Whitney.
11:58 of 2nd period - Shot Misses the Net.
12:00 of 2nd period - Shot by Bryce Salvador.
12:00 of 2nd period - Stopped by Tomas Vokoun without a rebound.
12:01 of 2nd period - Robert Lang wins face-off versus Olli Jokinen in Predators zone.
12:17 of 2nd period - Icing by Niclas Havelid.
12:18 of 2nd period - David Legwand wins face-off versus Patrick Rissmiller in Wild zone.
12:35 of 2nd period - Patrick Rissmiller is hit by David Legwand and loses puck.
12:50 of 2nd period - Shot by Tomas Kaberle.
12:50 of 2nd period - Shot Misses the Net.
13:04 of 2nd period - Shot by Justin Williams.
13:04 of 2nd period - Shot Misses the Net.
13:16 of 2nd period - Shot by Shea Weber.
13:16 of 2nd period - Shot Misses the Net.
13:35 of 2nd period - Shot by Scott Hartnell.
13:35 of 2nd period - Goal by Scott Hartnell - Wild : 2 - Predators : 2.
13:36 of 2nd period - Rod Brind'Amour wins face-off versus Yanic Perreault in neutral zone.
13:45 of 2nd period - Shot by Ray Whitney.
13:45 of 2nd period - Shot Misses the Net.
14:43 of 2nd period - Scott Hartnell is hit by Bates Battaglia and loses puck.
14:55 of 2nd period - Shot by Brian Rolston.
14:55 of 2nd period - Shot Misses the Net.
15:04 of 2nd period - Off-side.
15:05 of 2nd period - Curtis Brown wins face-off versus Jeff Carter in neutral zone.
15:05 of 2nd period - Curtis Brown is hit by Martin Erat.
15:09 of 2nd period - Shot by Bates Battaglia.
15:09 of 2nd period - Shot Misses the Net.
15:13 of 2nd period - Shot by Brian Rolston.
15:13 of 2nd period - Goal by Brian Rolston - Wild : 3 - Predators : 2.
15:14 of 2nd period - Bates Battaglia wins face-off versus Jeff Carter in neutral zone.
15:47 of 2nd period - Shot by Brian Rolston.
15:47 of 2nd period - Stopped by Tomas Vokoun without a rebound.
15:48 of 2nd period - Olli Jokinen wins face-off versus David Legwand in Predators zone.
15:48 of 2nd period - Olli Jokinen is hit by Derek Morris.
16:16 of 2nd period - Shot by David Legwand.
16:16 of 2nd period - Stopped by Manny Fernandez without a rebound.
16:17 of 2nd period - Scott Hartnell wins face-off versus Rod Brind'Amour in Wild zone.
16:32 of 2nd period - Shot by Shea Weber.
16:32 of 2nd period - Shot Misses the Net.
16:35 of 2nd period - Icing by Marian Gaborik.
16:36 of 2nd period - Jeff Carter wins face-off versus Rod Brind'Amour in Wild zone.
16:53 of 2nd period - Rod Brind'Amour is hit by Jeff Carter and loses puck.
16:55 of 2nd period - Minor Penalty to Bryce Salvador for Interference.
16:56 of 2nd period - Rod Brind'Amour wins face-off versus Justin Williams in Wild zone.
16:56 of 2nd period - Rod Brind'Amour is hit by Paul Kariya.
17:15 of 2nd period - Minor Penalty to Philippe Boucher for Hooking.
17:16 of 2nd period - Robert Lang wins face-off versus Olli Jokinen in Wild zone.
17:43 of 2nd period - Shot by Robert Lang.
17:43 of 2nd period - Stopped by Manny Fernandez with a rebound.
17:50 of 2nd period - Icing by Steve Sullivan.
17:51 of 2nd period - Rod Brind'Amour wins face-off versus Robert Lang in Predators zone.
18:01 of 2nd period - Off-side.
18:02 of 2nd period - Rod Brind'Amour wins face-off versus Justin Williams in neutral zone.
18:16 of 2nd period - Olli Jokinen is hit by Justin Williams and loses puck.
19:25 of 2nd period - Shot by Bates Battaglia.
19:25 of 2nd period - Stopped by Tomas Vokoun without a rebound.
19:26 of 2nd period - Rod Brind'Amour wins face-off versus Jeff Carter in Predators zone.
19:58 of 2nd period - Icing by Kyle Mclaren.
19:59 of 2nd period - Steve Sullivan wins face-off versus Rod Brind'Amour in Wild zone.

Period #3

0:01 of 3rd period - David Legwand wins face-off versus Rod Brind'Amour in neutral zone.
0:18 of 3rd period - Shot by Paul Kariya.
0:18 of 3rd period - Stopped by Manny Fernandez without a rebound.
0:19 of 3rd period - Mats Sundin wins face-off versus Robert Lang in Wild zone.
0:24 of 3rd period - Shot by Mats Sundin.
0:24 of 3rd period - Stopped by Tomas Vokoun without a rebound.
0:25 of 3rd period - Olli Jokinen wins face-off versus Jeff Carter in Predators zone.
0:29 of 3rd period - Minor Penalty to Marek Zidlicky for Hooking.
0:30 of 3rd period - Mats Sundin wins face-off versus Yanic Perreault in Predators zone.
0:41 of 3rd period - Shot by Ray Whitney.
0:41 of 3rd period - Shot Blocked by Derek Morris.
1:15 of 3rd period - Shot by Mats Sundin.
1:15 of 3rd period - Goal by Mats Sundin - Wild : 4 - Predators : 2.
1:15 of 3rd period - Chris Mason enters game.
1:16 of 3rd period - Martin Erat wins face-off versus Olli Jokinen in neutral zone.
1:35 of 3rd period - Shot by Jeff Carter.
1:35 of 3rd period - Shot Misses the Net.
1:51 of 3rd period - Shot by Todd Bertuzzi.
1:51 of 3rd period - Shot Misses the Net.
1:53 of 3rd period - Shot by Martin Erat.
1:53 of 3rd period - Stopped by Manny Fernandez with a rebound.
1:55 of 3rd period - Shot by Todd Bertuzzi.
1:55 of 3rd period - Stopped by Manny Fernandez with a rebound.
1:57 of 3rd period - Shot by Jeff Carter.
1:57 of 3rd period - Shot Misses the Net.
2:00 of 3rd period - Jeff Carter is hit by Sean Hill and loses puck.
2:45 of 3rd period - Shot by Justin Williams.
2:45 of 3rd period - Shot Misses the Net.
2:47 of 3rd period - Shot by Justin Williams.
2:47 of 3rd period - Stopped by Manny Fernandez without a rebound.
2:48 of 3rd period - Rod Brind'Amour wins face-off versus Robert Lang in Wild zone.
3:17 of 3rd period - Shot by Marian Gaborik.
3:17 of 3rd period - Stopped by Chris Mason without a rebound.
3:18 of 3rd period - Jeff Carter wins face-off versus Mats Sundin in Predators zone.
3:28 of 3rd period - Icing by Philippe Boucher.
3:29 of 3rd period - Yanic Perreault wins face-off versus Bates Battaglia in Wild zone.
5:12 of 3rd period - Shot by Jeff Carter.
5:12 of 3rd period - Shot Blocked by Bryce Salvador.
5:14 of 3rd period - Shot by Jeff Carter.
5:14 of 3rd period - Stopped by Manny Fernandez without a rebound.
5:15 of 3rd period - David Legwand wins face-off versus Olli Jokinen in Wild zone.
5:28 of 3rd period - Icing by Tomas Kaberle.
5:29 of 3rd period - David Legwand wins face-off versus Olli Jokinen in Predators zone.
5:29 of 3rd period - David Legwand is hit by Patrick Rissmiller.
6:08 of 3rd period - Icing by Olli Jokinen.
6:09 of 3rd period - Jeff Carter wins face-off versus Olli Jokinen in Wild zone.
6:43 of 3rd period - Icing by Mikael Samuelsson.
6:44 of 3rd period - Robert Lang wins face-off versus Olli Jokinen in Wild zone.
6:48 of 3rd period - Minor Penalty to Scott Hartnell for Hooking.
6:49 of 3rd period - Yanic Perreault wins face-off versus Mats Sundin in Wild zone.
6:52 of 3rd period - Shot by Yanic Perreault.
6:52 of 3rd period - Shot Blocked by Philippe Boucher.
7:03 of 3rd period - Shot by Mats Sundin.
7:03 of 3rd period - Goal by Mats Sundin - Wild : 5 - Predators : 2.
7:04 of 3rd period - Robert Lang wins face-off versus Rod Brind'Amour in neutral zone.
7:20 of 3rd period - Robert Lang is hit by Kyle Mclaren and loses puck.
7:34 of 3rd period - Minor Penalty to Robert Lang for Slashing.
7:34 of 3rd period - Minor Penalty to Bryce Salvador for Holding Stick.
7:35 of 3rd period - Mats Sundin wins face-off versus Jeff Carter in Wild zone.
7:54 of 3rd period - Icing by Sean Hill.
7:55 of 3rd period - Mats Sundin wins face-off versus David Legwand in Wild zone.
8:23 of 3rd period - Off-side.
8:24 of 3rd period - Jeff Carter wins face-off versus Rod Brind'Amour in neutral zone.
8:39 of 3rd period - Shea Weber is hit by Philippe Boucher and loses puck.
9:14 of 3rd period - Michal Rozsival is hit by Justin Williams.
9:34 of 3rd period - Shot by Mats Sundin.
9:34 of 3rd period - Stopped by Chris Mason without a rebound.
9:35 of 3rd period - Rod Brind'Amour wins face-off versus David Legwand in Predators zone.
10:18 of 3rd period - Shot by David Legwand.
10:18 of 3rd period - Shot Misses the Net.
10:58 of 3rd period - Zbynek Michalek is hit by Curtis Brown and loses puck.
11:09 of 3rd period - Shot by Brian Rolston.
11:09 of 3rd period - Stopped by Chris Mason without a rebound.
11:10 of 3rd period - Yanic Perreault wins face-off versus Olli Jokinen in Predators zone.
11:35 of 3rd period - Shot by Tomas Kaberle.
11:35 of 3rd period - Shot Misses the Net.
12:07 of 3rd period - Shot by Robert Lang.
12:07 of 3rd period - Deflect By Scott Hartnell.
12:07 of 3rd period - Stopped by Manny Fernandez without a rebound.
12:08 of 3rd period - David Legwand wins face-off versus Mats Sundin in Wild zone.
13:14 of 3rd period - Kyle Mclaren is hit by Jeff Carter and loses puck.
13:50 of 3rd period - Shot by Mikael Samuelsson.
13:50 of 3rd period - Shot Blocked by Zbynek Michalek.
14:05 of 3rd period - Olli Jokinen is hit by Scott Hartnell and loses puck.
14:32 of 3rd period - Shot by Steve Sullivan.
14:32 of 3rd period - Shot Misses the Net.
14:34 of 3rd period - Shot by Ryan Suter.
14:34 of 3rd period - Shot Blocked by Sean Hill.
14:36 of 3rd period - Shot by Scott Hartnell.
14:36 of 3rd period - Shot Misses the Net.
14:40 of 3rd period - Shot by Steve Sullivan.
14:40 of 3rd period - Goal by Steve Sullivan - Wild : 5 - Predators : 3.
14:41 of 3rd period - Mats Sundin wins face-off versus David Legwand in neutral zone.
14:58 of 3rd period - Shot by David Legwand.
14:58 of 3rd period - Shot Misses the Net.
15:00 of 3rd period - Shot by David Legwand.
15:00 of 3rd period - Stopped by Manny Fernandez without a rebound.
15:01 of 3rd period - Rod Brind'Amour wins face-off versus Robert Lang in Wild zone.
15:48 of 3rd period - Shot by Yanic Perreault.
15:48 of 3rd period - Stopped by Manny Fernandez with a rebound.
15:50 of 3rd period - Shot by Alexandre Burrows.
15:50 of 3rd period - Shot Blocked by Bryce Salvador.
16:48 of 3rd period - Shot by Martin Erat.
16:48 of 3rd period - Shot Misses the Net.
17:13 of 3rd period - Off-side.
17:14 of 3rd period - Yanic Perreault wins face-off versus Mikael Samuelsson in neutral zone.
17:18 of 3rd period - Off-side.
17:19 of 3rd period - Mats Sundin wins face-off versus David Legwand in neutral zone.
17:21 of 3rd period - Brian Rolston is hit by Justin Williams and loses puck.
17:27 of 3rd period - Paul Kariya is hit by Philippe Boucher and loses puck.
17:39 of 3rd period - David Legwand is hit by Michal Rozsival and loses puck.
17:48 of 3rd period - Shot by David Legwand.
17:48 of 3rd period - Shot Blocked by Michal Rozsival.
17:49 of 3rd period - Minor Penalty to Michal Rozsival for Hooking.
17:50 of 3rd period - Scott Hartnell wins face-off versus Brian Rolston in Wild zone.
18:53 of 3rd period - Shot by Paul Kariya.
18:53 of 3rd period - Stopped by Manny Fernandez without a rebound.
18:54 of 3rd period - David Legwand wins face-off versus Mats Sundin in Wild zone.
19:42 of 3rd period - Icing by Steve Sullivan.
19:43 of 3rd period - Robert Lang wins face-off versus Curtis Brown in Predators zone.
19:51 of 3rd period - Scott Hartnell is hit by Philippe Boucher and loses puck.


Output by the SimonT Hockey Simulator (STHS) for Stephane Roy -- Original Page W3C XHTML 1.0 Valid